3L
MONTANA PANDAS @ MISSISSIPPI MOCKINGBIRDS
09/02/2039
 
TOP OF THE 1ST
Montana Pandas batting - Pitching for Mississippi Mockingbirds : RHP Sergio Gómez
Pitching: RHP Sergio Gómez
Batting: RHB Urs van Munster 0-0: Ball
1-0: Called Strike
1-1: Ground out 4-3 (Groundball, 4M, EV 81.9 MPH)
Batting: LHB DeMarvion Overshown 0-0: Called Strike
0-1: Swinging Strike
0-2: Ball
1-2: Hit by Pitch
Batting: LHB Javier Sánchez 0-0: SINGLE (Groundball, 4D, EV 105.0 MPH)
DeMarvion Overshown to second
Runner from 2nd tries for 3rd, SAFE, no throw by RF
Batting: RHB Wilbur Davis 0-0: Called Strike
0-1: Ball
1-1: Ball
2-1: Foul Ball, location: 2F
2-2: Strikes out looking
Batting: RHB Edgar Baeza 0-0: Called Strike
0-1: Swinging Strike
0-2: Foul Ball, location: 2F
0-2: Strikes out swinging
Top of the 1st over - 0 runs, 1 hit, 0 errors, 2 left on base; Montana 0 - Mississippi 0
BOTTOM OF THE 1ST
Mississippi Mockingbirds batting - Pitching for Montana Pandas : RHP Rémi Ribeiro
Pitching: RHP Rémi Ribeiro
Batting: LHB Owen Sharts 0-0: Called Strike
0-1: Swinging Strike
0-2: Ground out 4-3 (Groundball, 4, EV 91.9 MPH)
Batting: RHB Shimei Miura 0-0: Ball
1-0: Ball
2-0: Called Strike
2-1: Ball
3-1: Foul Ball, location: 2F
3-2: Fly out, F8 (Flyball, 8LM, EV 90.0 MPH)
Batting: RHB Doug Allerdale 0-0: Called Strike
0-1: Swinging Strike
0-2: Ball
1-2: Ground out 4-3 (Groundball, 34D, EV 100.6 MPH)
Bottom of the 1st over - 0 runs, 0 hits, 0 errors, 0 left on base; Montana 0 - Mississippi 0
TOP OF THE 2ND
Montana Pandas batting - Pitching for Mississippi Mockingbirds : RHP Sergio Gómez
Batting: RHB Anselmo Berneu 0-0: Foul Ball, location: 2F
0-1: Ball
1-1: Foul Ball, location: 2F
1-2: Hit by Pitch
Batting: RHB Juanito González 0-0: Called Strike
0-1: Ball
1-1: Ball
2-1: Fielders Choice at 2nd, 1-4 (Groundball, 15S, EV 68.1 MPH)
Batting: SHB Manu Pakkarinen 0-0: Ball
1-0: Fly out, F5 (Popup, 5SF, EV 70.0 MPH)
Batting: LHB Yin-reng Hsueh 0-0: Ball
1-0: Called Strike
1-1: Ground out 5-3 (Groundball, 56S, EV 71.2 MPH)
Top of the 2nd over - 0 runs, 0 hits, 0 errors, 1 left on base; Montana 0 - Mississippi 0
BOTTOM OF THE 2ND
Mississippi Mockingbirds batting - Pitching for Montana Pandas : RHP Rémi Ribeiro
Batting: LHB Dean Jackson 0-0: Swinging Strike
0-1: Ball
1-1: Ball
2-1: SOLO HOME RUN (Flyball, 7D, EV 111.2 MPH), Distance : 358 ft
Batting: LHB Vicente Gonzáles 0-0: Ball
1-0: Ball
2-0: Called Strike
2-1: Ball
3-1: Base on Balls
Batting: RHB Martín Talia 0-0: Called Strike
0-1: Ball
1-1: Swinging Strike
1-2: Ball
2-2: Foul Ball, location: 2F
2-2: Fly out, F9 (Flyball, 89XD, EV 92.5 MPH)
Batting: RHB Iiri Haapajarvi 0-0: Fly out, F8 (Flyball, 78M, EV 91.2 MPH)
Batting: LHB Chris Fitzgerald 0-0: SINGLE (Groundball, 34D, EV 109.4 MPH)
Vicente Gonzáles to second
Runner from 2nd tries for 3rd, SAFE, no throw by RF
Batting: RHB Freddy Torres 0-0: Called Strike
0-1: Called Strike
0-2: Ball
1-2: Foul Ball, location: 2F
1-2: Ball
2-2: Foul Ball, location: 2F
2-2: SINGLE (Groundball, 6MD, EV 96.2 MPH)
Vicente Gonzáles scores
Chris Fitzgerald to second
Runner from 2nd tries for 3rd, SAFE, no throw by CF
Batting: LHB Owen Sharts 0-0: Ball
1-0: Called Strike
1-1: Ground out 4-3 (Groundball, 4, EV 88.8 MPH)
Bottom of the 2nd over - 2 runs, 3 hits, 0 errors, 2 left on base; Montana 0 - Mississippi 2
TOP OF THE 3RD
Montana Pandas batting - Pitching for Mississippi Mockingbirds : RHP Sergio Gómez
Batting: RHB Urs van Munster 0-0: Swinging Strike
0-1: Ball
1-1: Swinging Strike
1-2: Foul Ball, location: 2F
1-2: Reached on error, E4 (Flyball, 4D, EV 92.5 MPH)
Batting: LHB DeMarvion Overshown 0-0: Ball
1-0: Ball
2-0: Ball
3-0: Called Strike
3-1: Base on Balls
Urs van Munster to second
Batting: LHB Javier Sánchez 0-0: Called Strike
0-1: Ball
1-1: Swinging Strike
1-2: Ball
2-2: Fly out, F9 (Flyball, 9LMF, EV 80.0 MPH)
Batting: RHB Wilbur Davis 0-0: Ball
1-0: Ball
2-0: Fielders Choice at 2nd, 6-4 (Groundball, 6, EV 77.5 MPH)
Urs van Munster to third
Batting: RHB Edgar Baeza 0-0: Ground out 1-3 (Groundball, 15S, EV 77.5 MPH)
Top of the 3rd over - 0 runs, 0 hits, 1 error, 2 left on base; Montana 0 - Mississippi 2
BOTTOM OF THE 3RD
Mississippi Mockingbirds batting - Pitching for Montana Pandas : RHP Rémi Ribeiro
Batting: RHB Shimei Miura 0-0: Ball
1-0: Fly out, F8 (Flyball, 78S, EV 95.0 MPH)
Batting: RHB Doug Allerdale 0-0: Ball
1-0: SINGLE (Line Drive, 9S, EV 96.2 MPH)
Batting: LHB Dean Jackson 0-0: SINGLE (Groundball, 3D, EV 98.1 MPH)
Doug Allerdale to second
Runner from 2nd tries for 3rd, SAFE, no throw by RF
Batting: LHB Vicente Gonzáles 0-0: Ball
1-0: SINGLE (Line Drive, 4D, EV 95.0 MPH)
Doug Allerdale scores
Dean Jackson to second
Batting: RHB Martín Talia 0-0: Ball
1-0: Ball
2-0: Called Strike
2-1: DOUBLE (Line Drive, 9LM, EV 111.9 MPH)
Dean Jackson scores
Vicente Gonzáles to third
Runner from 3rd tries for Home, SAFE, throw by RF to home
Batting: RHB Iiri Haapajarvi 0-0: Ball
1-0: DOUBLE (Line Drive, 7LM, EV 109.4 MPH)
Martín Talia scores
Pitching: RHP Lester Roadley
Batting: LHB Chris Fitzgerald 0-0: Ball
1-0: Called Strike
1-1: Ball
2-1: Ball
3-1: Called Strike
3-2: Ground out 6-3 (Groundball, 6, EV 86.2 MPH)
Iiri Haapajarvi to third
Batting: RHB Freddy Torres 0-0: Called Strike
0-1: Ball
1-1: Ball
2-1: Ball
3-1: Called Strike
3-2: Base on Balls
Batting: LHB Owen Sharts 0-0: Swinging Strike
0-1: Ball
1-1: Ball
2-1: Called Strike
2-2: Ball
3-2: Ground out 4-3 (Groundball, 34D, EV 103.8 MPH)
Bottom of the 3rd over - 4 runs, 5 hits, 0 errors, 2 left on base; Montana 0 - Mississippi 6
TOP OF THE 4TH
Montana Pandas batting - Pitching for Mississippi Mockingbirds : RHP Sergio Gómez
Batting: RHB Anselmo Berneu 0-0: Ball
1-0: Ball
2-0: Ball
3-0: Ground out 6-3 (Groundball, 6, EV 98.1 MPH)
Batting: RHB Juanito González 0-0: Ball
1-0: Ball
2-0: DOUBLE (Line Drive, 7LS, EV 110.6 MPH)
Batting: SHB Manu Pakkarinen 0-0: Ball
1-0: Ground out 4-3 (Groundball, 4M, EV 86.9 MPH)
Juanito González to third
Batting: LHB Yin-reng Hsueh 0-0: Called Strike
0-1: Called Strike
0-2: Ball
1-2: Ball
2-2: Foul Ball, location: 2F
2-2: Strikes out swinging
Top of the 4th over - 0 runs, 1 hit, 0 errors, 1 left on base; Montana 0 - Mississippi 6
BOTTOM OF THE 4TH
Mississippi Mockingbirds batting - Pitching for Montana Pandas : RHP Lester Roadley
Batting: RHB Shimei Miura 0-0: Foul Ball, location: 2F
0-1: Foul Ball, location: 2F
0-2: Foul Ball, location: 2F
0-2: Strikes out swinging
Pitching: RHP Roberto Silva
Batting: RHB Doug Allerdale 0-0: Fly out, F8 (Flyball, 78D, EV 101.2 MPH)
Batting: LHB Dean Jackson 0-0: Ball
1-0: Ball
2-0: Called Strike
2-1: Ball
3-1: Base on Balls
Batting: LHB Vicente Gonzáles 0-0: Ball
1-0: Called Strike
1-1: Foul Ball, location: 2F
1-2: Ground out 4-3 (Groundball, 34, EV 79.4 MPH)
Bottom of the 4th over - 0 runs, 0 hits, 0 errors, 1 left on base; Montana 0 - Mississippi 6
TOP OF THE 5TH
Montana Pandas batting - Pitching for Mississippi Mockingbirds : RHP Sergio Gómez
Batting: RHB Urs van Munster 0-0: Called Strike
0-1: Foul Ball, location: 2F
0-2: SINGLE (Popup, 3D, EV 58.1 MPH)
Batting: LHB DeMarvion Overshown 0-0: DOUBLE (Line Drive, 7LD, EV 104.4 MPH)
Urs van Munster to third
Runner from 3rd tries for Home, SAFE, throw by LF to home
Batting: LHB Javier Sánchez 0-0: Ball
1-0: Foul Ball, location: 2F
1-1: Ball
2-1: Swinging Strike
2-2: Ball
Wild Pitch!
DeMarvion Overshown to third
3-2: Strikes out looking
Batting: RHB Wilbur Davis 0-0: Called Strike
0-1: DOUBLE (Groundball, 5L, EV 95.6 MPH)
DeMarvion Overshown scores
Batting: RHB Edgar Baeza 0-0: Ball
1-0: Swinging Strike
1-1: Fly out, F7 (Flyball, 7LSF, EV 83.1 MPH)
Batting: RHB Anselmo Berneu 0-0: Foul Ball, location: 2F
0-1: Swinging Strike
0-2: Fly out, F8 (Flyball, 8LM, EV 84.4 MPH)
Top of the 5th over - 2 runs, 3 hits, 0 errors, 1 left on base; Montana 2 - Mississippi 6
BOTTOM OF THE 5TH
Mississippi Mockingbirds batting - Pitching for Montana Pandas : RHP Roberto Silva
Batting: RHB Martín Talia 0-0: Called Strike
0-1: Ball
1-1: Ball
2-1: Swinging Strike
2-2: Ground out 5-3 (Groundball, 56S, EV 84.4 MPH)
Batting: RHB Iiri Haapajarvi 0-0: Called Strike
0-1: Ball
1-1: Called Strike
1-2: Foul Ball, location: 2F
1-2: Ball
2-2: Foul Ball, location: 2F
2-2: Ground out 1-3 (Groundball, 34S, EV 68.8 MPH)
Batting: LHB Chris Fitzgerald 0-0: Ball
1-0: DOUBLE (Line Drive, 7LM, EV 97.5 MPH)
Batting: RHB Freddy Torres 0-0: Called Strike
0-1: Called Strike
0-2: Ball
1-2: Ball
2-2: Ground out 6-3 (Groundball, 6, EV 85.6 MPH)
Bottom of the 5th over - 0 runs, 1 hit, 0 errors, 1 left on base; Montana 2 - Mississippi 6
TOP OF THE 6TH
Montana Pandas batting - Pitching for Mississippi Mockingbirds : RHP Sergio Gómez
Batting: RHB Juanito González 0-0: Called Strike
0-1: Ball
1-1: Ball
2-1: Ball
3-1: Ground out 6-3 (Groundball, 6D, EV 80.6 MPH)
Batting: SHB Manu Pakkarinen 0-0: Ball
1-0: Ball
2-0: TRIPLE (Flyball, 89XD, EV 110.6 MPH)
Batting: LHB Yin-reng Hsueh 0-0: Called Strike
0-1: Ball
1-1: Ball
2-1: Foul Ball, location: 2F
2-2: Foul Ball, location: 2F
2-2: SINGLE (Line Drive, 7S, EV 107.5 MPH)
Manu Pakkarinen scores
Pitching: RHP José Quiñones
Batting: RHB Urs van Munster 0-0: Foul Ball, location: 2F
0-1: Foul Ball, location: 2F
0-2: Fielders Choice at 2nd, 4-6 (Groundball, 4M, EV 110.0 MPH)
Batting: LHB DeMarvion Overshown 0-0: Ball
1-0: Ball
2-0: Foul Ball, location: 2F
2-1: SINGLE (Groundball, 4D, EV 95.0 MPH)
Urs van Munster to second
Runner from 2nd tries for 3rd, SAFE, no throw by RF
Batting: LHB Javier Sánchez 0-0: Ball
1-0: Ball
2-0: Called Strike
2-1: Called Strike
2-2: Foul Ball, location: 2F
2-2: Strikes out swinging
Top of the 6th over - 1 run, 3 hits, 0 errors, 2 left on base; Montana 3 - Mississippi 6
BOTTOM OF THE 6TH
Mississippi Mockingbirds batting - Pitching for Montana Pandas : RHP Roberto Silva
Pitching: LHP Ricky McCauley
Batting: LHB Owen Sharts 0-0: Called Strike
0-1: Ball
1-1: Ball
2-1: Ball
3-1: Foul Ball, location: 2F
3-2: Fly out, F7 (Line Drive, 7, EV 106.2 MPH)
Batting: RHB Shimei Miura 0-0: DOUBLE (Line Drive, 7LM, EV 95.6 MPH)
Batting: RHB Doug Allerdale 0-0: Ball
1-0: Ball
2-0: Called Strike
2-1: Ball
3-1: Swinging Strike
3-2: Strikes out swinging
Batting: LHB Dean Jackson 0-0: Ball
1-0: Called Strike
1-1: Foul Ball, location: 2F
1-2: Foul Ball, location: 2F
1-2: Ball
2-2: Strikes out looking
Bottom of the 6th over - 0 runs, 1 hit, 0 errors, 1 left on base; Montana 3 - Mississippi 6
TOP OF THE 7TH
Montana Pandas batting - Pitching for Mississippi Mockingbirds : RHP José Quiñones
Batting: RHB Wilbur Davis 0-0: Foul Ball, location: 2F
0-1: Called Strike
0-2: SINGLE (Flyball, 78S, EV 85.6 MPH)
Batting: RHB Edgar Baeza 0-0: Ball
1-0: Foul Ball, location: 2F
1-1: Ball
2-1: Foul Ball, location: 2F
2-2: Grounds into double play, 6-4-3 (Groundball, 6S, EV 78.8 MPH)
Batting: RHB Anselmo Berneu 0-0: Ball
1-0: Swinging Strike
1-1: Swinging Strike
1-2: Foul Ball, location: 2F
1-2: Ball
2-2: Strikes out swinging, 2-3 out at first.
Top of the 7th over - 0 runs, 1 hit, 0 errors, 0 left on base; Montana 3 - Mississippi 6
BOTTOM OF THE 7TH
Mississippi Mockingbirds batting - Pitching for Montana Pandas : LHP Ricky McCauley
Pitching: RHP José Lucero
Batting: LHB Vicente Gonzáles 0-0: Called Strike
0-1: Fly out, F8 (Flyball, 8RXD, EV 89.4 MPH)
Batting: RHB Martín Talia 0-0: Ball
1-0: Ball
2-0: SINGLE (Line Drive, 5D, EV 95.0 MPH)
Batting: RHB Iiri Haapajarvi 0-0: Ball
1-0: Fly out, F7 (Flyball, 78M, EV 85.6 MPH)
Batting: LHB Chris Fitzgerald 0-0: Ball
1-0: Ball
Martín Talia is caught stealing 2nd base 2-6
Bottom of the 7th over - 0 runs, 1 hit, 0 errors, 0 left on base; Montana 3 - Mississippi 6
TOP OF THE 8TH
Montana Pandas batting - Pitching for Mississippi Mockingbirds : RHP José Quiñones
Batting: RHB Juanito González 0-0: Called Strike
0-1: Swinging Strike
0-2: Strikes out swinging
Batting: SHB Manu Pakkarinen 0-0: Called Strike
0-1: SINGLE (Groundball, 4MS, EV 66.2 MPH) (infield hit)
Batting: LHB Yin-reng Hsueh 0-0: Called Strike
0-1: Foul Ball, location: 2F
0-2: Ball
1-2: Foul Ball, location: 2F
1-2: Foul Ball, location: 2F
1-2: Strikes out looking
Batting: RHB Urs van Munster 0-0: Called Strike
0-1: Ball
1-1: Ball
2-1: Ball
3-1: Foul Ball, location: 2F
3-2: Fly out, F5 (Popup, 56S, EV 78.8 MPH)
Top of the 8th over - 0 runs, 1 hit, 0 errors, 1 left on base; Montana 3 - Mississippi 6
BOTTOM OF THE 8TH
Mississippi Mockingbirds batting - Pitching for Montana Pandas : RHP José Lucero
Batting: LHB Chris Fitzgerald 0-0: Ball
1-0: Called Strike
1-1: Called Strike
1-2: Ball
2-2: Ball
3-2: Foul Ball, location: 2F
3-2: Base on Balls
Batting: RHB Freddy Torres 0-0: Sac Bunt to 15 - play at first, batter OUT! 1-3
Chris Fitzgerald to second
Batting: LHB Owen Sharts 0-0: Ball
Wild Pitch!
Chris Fitzgerald to third
1-0: Called Strike
1-1: Ball
2-1: Ball
3-1: Base on Balls
Batting: RHB Shimei Miura 0-0: Ball
1-0: Ball
2-0: Foul Ball, location: 2F
2-1: Ball
3-1: Called Strike
3-2: Foul Ball, location: 2F
3-2: Fly out, F8 (Flyball, 8LS, EV 80.0 MPH)
Batting: RHB Doug Allerdale 0-0: Ball
1-0: Swinging Strike
1-1: Ball
2-1: Foul Ball, location: 2F
2-2: Strikes out looking
Bottom of the 8th over - 0 runs, 0 hits, 0 errors, 2 left on base; Montana 3 - Mississippi 6
TOP OF THE 9TH
Montana Pandas batting - Pitching for Mississippi Mockingbirds : RHP José Quiñones
Pitching: RHP Folkert van Huizen
Batting: LHB DeMarvion Overshown 0-0: Called Strike
0-1: Swinging Strike
0-2: SINGLE (Groundball, 34D, EV 106.2 MPH)
Batting: LHB Javier Sánchez 0-0: Foul Ball, location: 2F
0-1: Called Strike
0-2: Strikes out swinging
Batting: RHB Wilbur Davis 0-0: Called Strike
0-1: Ball
1-1: SINGLE (Line Drive, 78S, EV 89.4 MPH)
DeMarvion Overshown to second
Pinch Hitting: SHB Tom Dickinson 0-0: Swinging Strike
0-1: Fly out, F8 (Line Drive, 8LD, EV 103.1 MPH)
Batting: RHB Anselmo Berneu 0-0: Fly out, F6 (Popup, 6M, EV 59.4 MPH)
Top of the 9th over - 0 runs, 2 hits, 0 errors, 2 left on base; Montana 3 - Mississippi 6
Wednesday, July 8th, 2020 - OOTP Baseball 20.8 Build 74